 Dungeon Crawl Stone Soup version 0.20.0-1-g1cb1d84 (webtiles) character file.

186 Tulse the Sneak (level 5, -4/31 HPs)
             Began as an Octopode Wizard on May 26, 2017.
             Slain by a hungry ghost (5 damage)
             ... on level 2 of the Dungeon.
             The game lasted 00:14:27 (3752 turns).

Tulse the Sneak (Octopode Wizard)                   Turns: 3752, Time: 00:14:28

Health: -4/31      AC:  1    Str:  6    XL:     5   Next: 65%
Magic:  0/9        EV: 13    Int: 21    God:
Gold:   101        SH:  0    Dex: 11    Spells: 2/10 levels left

rFire    . . .     SeeInvis .   l - +0 dagger
rCold    . . .     Gourm    .   (no shield)
rNeg     . . .     Faith    .   a - +0 hat
rPois    .         Spirit   .   (no amulet)
rElec    .         Reflect  .   (no ring)
rCorr    .         Harm     .   (no ring)
MR       .....                  (no ring)
Stlth    ++++......             (no ring)
Regen    0.1/turn               (no ring)
MPRegen  0.2/turn               (no ring)
                                (no ring)
                                (no ring)

@: no status effects
A: almost no armour, stealthy swim, amphibious, 8 rings, constrict 8, camouflage
1, gelatinous body 1
a: no special abilities


You were on level 2 of the Dungeon.
You were near starving.

You visited 1 branch of the dungeon, and saw 4 of its levels.

You collected 101 gold pieces.

Inventory:

Hand Weapons
 l - a +0 dagger (weapon)
 t - a +0 hunting sling
Missiles
 e - 254 stones (quivered)
 o - 38 arrows
 r - 10 poisoned needles
 s - 18 sling bullets
Armour
 a - a +0 hat (worn)
 m - a +1 cloak
Jewellery
 h - an uncursed amulet of magic regeneration {unknown}
 n - a cursed amulet of inaccuracy {unknown}
 q - an uncursed ring of magical power {unknown}
Scrolls
 i - 2 scrolls of teleportation {unknown}
 j - 3 scrolls of identify {unknown}
 k - a scroll of magic mapping {unknown}
 u - a scroll of recharging {unknown}
Potions
 f - a potion of flight {unknown}
 g - a potion of haste {unknown}
Books
 b - a book of Minor Magic

   Spells                             Type                      Level
   a - Magic Dart                     Conjuration                  1
   b - Blink                          Translocation                2
   c - Call Imp                       Summoning                    2
   d - Slow                           Hexes                        2
   e - Conjure Flame                  Conjuration/Fire             3
   f - Mephitic Cloud                 Conjuration/Poison/Air       3
Comestibles
 c - 3 bread rations
 d - 2 meat rations


   Skills:
 - Level 2.0 Dodging
 + Level 6.4 Stealth
 - Level 3.0 Spellcasting
 - Level 3.4 Conjurations
 - Level 1.0 Summonings
 - Level 1.0 Translocations


You had 2 spell levels left.
You knew the following spells:

 Your Spells              Type           Power        Failure   Level  Hunger
a - Magic Dart            Conj           ###.         3%          1    None
b - Blink                 Tloc           N/A          13%         2    ##.....
c - Call Imp              Summ           #.......     13%         2    ##.....
d - Mephitic Cloud        Conj/Pois/Air  #.......     26%         3    ###....


Dungeon Overview and Level Annotations

Branches:
Dungeon (4/15)
 Temple: D:4-7

Altars:

Annotations:
D:4 exclusion: door


Innate Abilities, Weirdness & Mutations

You cannot wear most types of armour.
You are very stealthy in the water. (Stealth+)
You are amphibious.
You can wear up to eight rings at the same time.
You can use your tentacles to constrict eight enemies at once.
Your skin changes colour to match your surroundings (Stealth+).
Your rubbery body absorbs attacks. (AC +1, EV +1)


Message History

You are near starving!
Casting: Magic Dart
Confirm with . or Enter, or press ? or * to list all spells.
Aiming: Magic Dart
Press: ? - help, Shift-Dir - straight line, f/p - hungry ghost
Aim: a hungry ghost (severely damaged)
The magic dart hits the hungry ghost.
The hungry ghost is almost destroyed.
The hungry ghost hits you.
* * * LOW HITPOINT WARNING * * *
You feel quite a bit more hungry.
Casting: Magic Dart
Confirm with . or Enter, or press ? or * to list all spells.
Aiming: Magic Dart
Press: ? - help, Shift-Dir - straight line, f/p - hungry ghost
Aim: a hungry ghost (almost destroyed)
The magic dart hits the hungry ghost.
The hungry ghost is almost destroyed.
The hungry ghost hits you.
You die...

P......#......#.#####≈≈≈≈≈≈≈≈≈P≈♣
≈......#.##...#.#....≈♣P≈≈≈≈≈P≈≈≈
≈PP....#.###.##.#.<..♣♣≈P≈≈≈≈PP≈≈
P≈≈......# #.##.#...≈≈♣≈≈≈≈≈≈≈≈≈♣
P≈P...#### #....'...♣♣P≈≈≈≈≈≈≈≈PP
.PP...# ######...♣≈≈P≈≈≈≈≈≈≈P♣
......# #...'...≈≈≈≈≈≈≈≈≈≈≈≈≈
####.## #.###W..≈♣≈≈≈≈≈≈≈≈≈≈≈ #.#
#..>@...≈♣≈≈≈≈≈≈≈≈≈≈≈
#.########...[...♣♣≈≈≈≈≈≈≈≈≈≈≈
#.......##.......♣♣≈♣≈≈≈≈≈≈≈P≈
#######.##.......PP≈≈≈≈≈≈≈≈≈≈≈
#.###.......♣≈≈≈≈≈≈≈≈♣≈≈
#...'.......♣≈♣PP≈≈≈≈≈PP
#####.......♣≈P♣≈≈≈≈♣≈P≈
######.......≈≈≈≈≈♣≈≈≈≈≈♣
#.............≈♣≈≈≈P≈≈≈≈♣


You could see a hungry ghost.

Vanquished Creatures
  A scorpion (D:4)
  4 adders (D:2)
  An ooze (D:1)
  4 worms (D:2)
  5 dart slugs
  2 leopard geckos
  2 ball pythons (D:2)
  6 bats
  4 giant cockroaches
  9 goblins
  10 hobgoblins
  A jackal (D:2)
  A quokka (D:2)
  2 frilled lizards (D:1)
  8 kobolds
  5 rats
65 creatures vanquished.

Notes
Turn   | Place    | Note
-------+----------+-------------------------------------------
     0 | D:1      | Tulse the Octopode Wizard began the quest for the Orb.
     0 | D:1      | Reached XP level 1. HP: 11/11 MP: 4/4
    16 | D:1      | Reached skill level 3 in Stealth
   411 | D:1      | Reached XP level 2. HP: 9/17 MP: 0/6
  1265 | D:1      | Reached XP level 3. HP: 19/21 MP: 5/7
  1672 | D:1      | Learned a level 2 spell: Blink
  1675 | D:1      | Learned a level 2 spell: Call Imp
  1679 | D:1      | Learned a level 3 spell: Mephitic Cloud
  1934 | D:2      | Reached XP level 4. HP: 27/27 MP: 3/8
  2028 | D:2      | Reached skill level 4 in Stealth
  2640 | D:2      | Reached skill level 5 in Stealth
  2656 | D:2      | Reached XP level 5. HP: 23/31 MP: 0/9
  3281 | D:4      | Reached skill level 6 in Stealth
  3390 | D:4      | Noticed an ogre
  3390 | D:4      | Noticed a centaur
  3404 | D:3      | Noticed a hungry ghost
  3751 | D:2      | HP: 1/31 [hungry ghost (2)]
  3752 | D:2      | Slain by a hungry ghost

Skill      XL: |  1  2  3  4  5 |
---------------+----------------+-----
Stealth        | 3 5 6 |  6.4
Conjurations   | 2 3 |  3.4
Dodging        | |  2.0
Spellcasting   | |  3.0
Summonings     | |  1.0
Translocations | |  1.0

Action                   |  1- 3 |  4- 6 || total
-------------------------+-------+-------++-------
Melee: Unarmed           |    23 |       ||    23
       Constrict         |    12 |    12 ||    24
       Tentacles         |     4 |    10 ||    14
       Dagger            |    18 |    73 ||    91
 Cast: Magic Dart        |    82 |    74 ||   156
 Stab: Sleeping          |     2 |     3 ||     5
  Eat: Chunk             |     3 |     4 ||     7
       Bread ration      |       |     1 ||     1
       Royal jelly       |       |     1 ||     1
Armor: Skin              |     8 |     7 ||    15
Dodge: Dodged            |    39 |    73 ||   112
